 Dungeon Crawl Stone Soup version 0.28-a0-1629-gf728b707aa (webtiles) character file.

Game seed: 5525161273026012787

45521 HallandMoats the Warmonger (level 14, -6/111 HPs)
             Began as a Ghoul Fighter on Jan 24, 2022.
             Was a High Priest of Okawaru.
             Mangled by a skeletal warrior (20 damage)
             ... led by a death knight
             ... on level 14 of the Dungeon.
             The game lasted 00:41:00 (24454 turns).

HallandMoats the Warmonger (Ghoul Fighter)         Turns: 24454, Time: 00:41:01

Health: -6/111     AC: 12    Str: 24    XL:     14   Next: 33%
Magic:  23/23      EV: 21    Int:  7    God:    Okawaru [*****.]
Gold:   1725       SH:  5    Dex: 12    Spells: 13/13 levels left

rFire   + . .      SeeInvis .   a - +5 spear of Zin's Hope {spect, rC+ Str+3 Int+2}
rCold   + + .      Faith    .   c - +0 buckler
rNeg    + + +      Spirit   .   H - +0 steam dragon scales
rPois   ∞          Reflect  .   J - +0 hat
rElec   .          Harm     .   A - +1 cloak of an ice cave {+Blink rN+}
rCorr   .          Rampage  .   i - +1 pair of gloves "Irostro" {rF+ rN+ Dex+2 Stlth+}
Will    +....                   T - +0 pair of boots
Stlth   ++........              (no amulet)
HPRegen 0.00/turn               N - +4 ring of evasion
MPRegen 0.18/turn               t - +4 ring of evasion

@: inhibited regen
A: claws 1, cold resistance 1, negative energy resistance 3, inhibited
regeneration, torment resistance 2
a: Renounce Religion, Evoke Blink, Heroism, Finesse, Duel


You were on level 14 of the Dungeon.
You worshipped Okawaru.
Okawaru was extremely pleased with you.
You visited 1 branch of the dungeon, and saw 15 of its levels.
You also visited: Ice Cave.

You collected 1770 gold pieces.
You spent 45 gold pieces at shops.

Inventory:

Hand Weapons
 a - the +5 spear of Zin's Hope (weapon) {spect, rC+ Str+3 Int+2}
   (You took it off an orc wizard on level 8 of the Dungeon)

   When its wielder attacks, the weapon's spirit leaps out and strikes again.
   The spirit shares a part of any damage it takes with its wielder.
   Str:       It affects your strength (+3).
   Int:       It affects your intelligence (+2).
   rC:        It protects you from cold.
 b - a +0 scimitar of flaming
 I - the +9 staff of Olgreb {rPois∞}
   (You found it on level 8 of the Dungeon)

   If the wielder is skilled in Evocations, they can envenom those struck by it,
   dealing poison damage which bypasses armour.
   It enhances your poison magic.
   It grants immunity to poison.
   It can be evoked to radiate toxic energy, with effectiveness depending on
   Evocations skill.
Missiles
 f - 4 throwing nets (quivered)
Armour
 c - a +0 buckler (worn)
 i - the +1 pair of gloves "Irostro" (worn) {rF+ rN+ Dex+2 Stlth+}
   (Okawaru gifted it to you on level 8 of the Dungeon)

   Dex:       It affects your dexterity (+2).
   rF:        It protects you from fire.
   rN:        It protects you from negative energy.
   Stlth:     It makes you more stealthy.
 A - the +1 cloak of an ice cave (worn) {+Blink rN+}
   (Okawaru gifted it to you on level 14 of the Dungeon)

   rN:        It protects you from negative energy.
   +Blink:    It lets you blink.
 H - +0 steam dragon scales (worn)
 J - a +0 hat (worn)
 O - a +2 chain mail of cold resistance
 T - a +0 pair of boots (worn)
Jewellery
 k - a ring of magical power
 t - a +4 ring of evasion (right hand)
 N - a +4 ring of evasion (left hand)
Wands
 r - a wand of paralysis (9)
 s - a wand of digging (7)
 C - a wand of acid (4)
 E - a wand of iceblast (18)
Scrolls
 g - 2 scrolls of amnesia
 j - 4 scrolls of immolation
 m - 2 scrolls of teleportation
 n - 4 scrolls of fear {unknown}
 p - 5 scrolls of enchant weapon
 x - 5 scrolls of magic mapping
 y - 2 scrolls of noise {unknown}
 D - 2 scrolls of silence
 L - 2 scrolls of fog {unknown}
 Q - a scroll of torment {unknown}
 R - a scroll of identify
Potions
 e - 4 potions of brilliance
 h - a potion of mutation {unknown}
 l - 3 potions of attraction
 o - 5 potions of cancellation
 q - a potion of degeneration {unknown}
 u - a potion of lignification {unknown}
 v - 2 potions of berserk rage {unknown}
 w - a potion of flight
 z - a potion of ambrosia {unknown}
 B - a potion of resistance {unknown}
 F - a potion of magic {unknown}
 K - a potion of heal wounds {unknown}
 S - a potion of might
Miscellaneous
 M - a condenser vane (inert)
 P - a condenser vane (inert)


   Skills:
 - Level 6.8 Fighting
 - Level 7.4 Long Blades
 * Level 13.0 Polearms
 - Level 5.6 Armour
 - Level 4.8 Dodging
 - Level 5.3 Shields
 + Level 13.7 Invocations
 * Level 8.3 Evocations


You had 13 spell levels left.
You didn't know any spells.
Your spell library contained the following spells:

 Spells                   Type           Power      Damage    Failure   Level
 Sting                    Tmut/Pois      0%         1d3       52%         1
 Blink                    Tloc           0%         N/A       65%         2
 Dazzling Flash           Conj/Hex       0%         N/A       87%         3
 Lesser Beckoning         Tloc           0%         N/A       87%         3
 Passage of Golubria      Tloc           0%         N/A       99%         4
 Agony                    Necr           0%         N/A       100%        5
 Fireball                 Conj/Fire      0%         3d3       100%        5
 Manifold Assault         Tloc           0%         N/A       100%        5
 Silence                  Hex/Air        0%         N/A       100%        5
 Eringya's Noxious Bog    Tmut/Pois      0%         N/A       100%        6
 Starburst                Conj/Fire      0%         6d3       100%        6
 Ignition                 Fire           0%         3d3       100%        8
 Lehudib's Crystal Spear  Conj/Erth      0%         10d2      100%        8
 Beastly Appendage        Tmut           Unusable   N/A       N/A         1
 Wereblood                Tmut           Unusable   N/A       N/A         2
 Statue Form              Tmut/Erth      Unusable   N/A       N/A         6

Dungeon Overview and Level Annotations

Branches:
Dungeon (15/15)            Temple (0/1) D:7            Lair (0/6) D:9
    Orc (0/2) D:11         Vaults (0/5) D:13          IceCv (visited)
 Depths: D:15

Altars:
Hepliaklqana
Okawaru
Ru
The Shining One
Beogh

Shops:
D:4 [(=*(

Annotations:
D:12 1 runed translucent door, Efal Ser's ghost, journeyman TeCj


Innate Abilities, Weirdness & Mutations

You thrive by killing the living.
You are immune to poison.
You have sharp fingernails.
Your flesh is cold resistant. (rC+)
You are immune to negative energy. (rN+++)
You do not regenerate when monsters are visible.
You are immune to unholy pain and torment.


Message History

The skeletal warrior hits you with a +0 battleaxe!!
* * * LOW HITPOINT WARNING * * *
The skeletal warrior hits your +5 spear of Zin's Hope {spect, rC+ Str+3 Int+2} with a +0 battleaxe!
Your spectral weapon shares its damage with you!
* * * LOW HITPOINT WARNING * * *
You are too injured to fight recklessly!
Unknown command.
You are too injured to fight recklessly!
Unknown command.
You are too injured to fight recklessly!
Unknown command.
Reach: a) +5 spear of Zin's Hope {spect, rC+ Str+3 Int+2}
Press: ? - help, Dir - move target, f/p - skeletal warrior
Aim: a skeletal warrior, wielding a +0 battleaxe (almost destroyed, about 27% to evade the +5 spear of Zin's Hope)
You hit the skeletal warrior but do no damage.
The skeletal warrior is almost destroyed.
Your +5 spear of Zin's Hope {spect, rC+ Str+3 Int+2} barely misses the skeletal warrior.
Reach: a) +5 spear of Zin's Hope {spect, rC+ Str+3 Int+2}
Press: ? - help, Dir - move target, f/p - skeletal warrior
Aim: a skeletal warrior, wielding a +0 battleaxe (almost destroyed, about 27% to evade the +5 spear of Zin's Hope)
You barely miss the skeletal warrior.
The skeletal warrior is almost destroyed.
Your +5 spear of Zin's Hope {spect, rC+ Str+3 Int+2} closely misses the skeletal warrior.
The skeletal warrior hits you with a +0 battleaxe!
* * * LOW HITPOINT WARNING * * *
Okay, then.
Reach: a) +5 spear of Zin's Hope {spect, rC+ Str+3 Int+2}
Press: ? - help, Dir - move target, f/p - skeletal warrior
Aim: a skeletal warrior, wielding a +0 battleaxe (almost destroyed, about 27% to evade the +5 spear of Zin's Hope)
You hit the skeletal warrior.
The skeletal warrior is almost destroyed.
Your +5 spear of Zin's Hope {spect, rC+ Str+3 Int+2} hits the skeletal warrior from afar.
Reach: a) +5 spear of Zin's Hope {spect, rC+ Str+3 Int+2}
Press: ? - help, Dir - move target, f/p - skeletal warrior
Aim: a skeletal warrior, wielding a +0 battleaxe (almost destroyed, about 27% to evade the +5 spear of Zin's Hope)
You hit the skeletal warrior but do no damage.
The skeletal warrior is almost destroyed.
Your +5 spear of Zin's Hope {spect, rC+ Str+3 Int+2} barely misses the skeletal warrior.
The skeletal warrior hits you with a +0 battleaxe!!
You die...

##.# #..+....'......... #.#
#..#....#......... #.#
#..######.........
#.###########.................
#........)....................
##........#######....).........
#.........#.....#......####+###
#.........#..§(.#......#.......
########(.#...@>#......#.......
#..#...z>#......#.......
#######..#.....#......#.......
#........#.....#......'.......
##.......###.###......'.......
#........#8.8#+......###.....
#......................#.....
#.......##8.8#........##.....
#.......###.###.......#......


You could see a skeletal warrior and a friendly +5 spear of Zin's Hope {spect,
rC+ Str+3 Int+2} (summoned).

Vanquished Creatures
  Gastronok (D:9)
  Roxanne (D:14)
  A reaper (IceCv)
  Harold (D:10)
  An ice dragon (D:13)
  4 boulder beetles
  A hydra (D:15)
  Erica (D:10)
  4 two-headed ogres
  A death knight (D:15)
  2 centaur warriors (D:13)
  3 tengu warriors
  Urug (D:10)
  A deep elf knight (D:10)
  5 skeletal warriors
  A deep troll (D:13)
  A deep elf pyromancer (D:15)
  Pikel (D:4)
  A necromancer (D:13)
  2 phantasmal warriors
  2 orc knights
  3 manticores
  2 cyclopes
  12 ugly things
  2 centaur zombies
  An ice statue (IceCv)
  Maurice (D:10)
  Maggie (D:7)
  An unseen horror (D:12)
  Psyche (D:8)
  A komodo dragon (D:10)
  A freezing wraith (D:14)
  A rime drake (shapeshifter) (D:15)
  An entropy weaver simulacrum (IceCv)
  2 trolls
  A queen bee (shapeshifter) (D:13)
  A tengu conjurer (D:15)
  3 polar bears (D:13)
  2 hornets
  Grinder (D:6)
  3 vampires
  A water elemental (D:13)
  13 yaks
  A shadow (D:12)
  A wraith (D:10)
  A dire elephant simulacrum (IceCv)
  Grum (D:10)
  7 redbacks (D:8)
  2 basilisks
  2 death yak simulacra (IceCv)
  A steam dragon (D:10)
  11 vampire mosquitoes
  Menkaure (D:7)
  Edmund (D:6)
  A harpy simulacrum (IceCv)
  7 water moccasins
  7 orc warriors
  5 black bears
  2 sky beasts (D:8)
  A black bear (shapeshifter) (D:13)
  3 ice beasts
  4 wolves
  3 ogres (D:5)
  3 necrophages
  4 lemures
  4 centaurs
  4 kobold brigands
  5 bullfrogs
  5 scorpions
  6 two-headed ogre simulacra (IceCv)
  A gnoll sergeant (D:9)
  2 cane toad simulacra (IceCv)
  2 elephant simulacra (IceCv)
  13 killer bees
  5 electric eels
  3 howler monkeys
  A bullfrog zombie (D:7)
  A hound (D:5)
  A jelly (D:5)
  6 orc priests
  Crazy Yiuf (D:2)
  A bullfrog skeleton (D:6)
  A gnoll shaman (D:8)
  Jessica (D:2)
  Terence (D:2)
  4 iguanas
  4 orc wizards
  Natasha (D:2)
  5 troll simulacra (IceCv)
  6 spriggan simulacra (IceCv)
  A wolf simulacrum (IceCv)
  A hound zombie (D:5)
  A howler monkey zombie (D:3)
  13 gnolls
  8 adders
  4 naga simulacra (IceCv)
  7 white imps
  6 ufetubi (IceCv)
  A worm (D:2)
  A dart slug (D:4)
  37 orcs
  4 ball pythons
  5 bats
  8 endoplasms
  5 giant cockroaches
  4 goblins
  6 hobgoblins
  6 jackals (D:1)
  3 quokkas
  5 frilled lizards
  24 kobolds
  5 rats
399 creatures vanquished.

Vanquished Creatures (others)
  A killer bee (D:8)
  3 kobolds (D:10)
  54 fungi (D:9)
  64 plants
122 creatures vanquished.

Grand Total: 521 creatures vanquished

Notes
Turn   | Place    | Note
-------+----------+-------------------------------------------
     0 | D:1      | HallandMoats the Ghoul Fighter began the quest for the Orb.
     0 | D:1      | Reached XP level 1. HP: 19/19 MP: 0/0
   143 | D:1      | Found a faded altar of an unknown god.
   231 | D:1      | Prayed at the altar of an unknown god.
   231 | D:1      | Became a worshipper of Warmaster Okawaru
   231 | D:1      | Reached * piety under Okawaru
   376 | D:1      | Reached XP level 2. HP: 26/26 MP: 1/1
   663 | D:1      | Reached skill level 1 in Invocations
   788 | D:1      | Reached XP level 3. HP: 27/31 MP: 2/2
  1198 | D:2      | Noticed Terence
  1205 | D:2      | Killed Terence
  1284 | D:2      | Reached XP level 4. HP: 33/39 MP: 4/4
  1415 | D:2      | Reached skill level 1 in Dodging
  1493 | D:2      | Noticed Jessica
  1498 | D:2      | Killed Jessica
  2256 | D:2      | Noticed Natasha
  2260 | D:2      | Killed Natasha
  2261 | D:2      | Reached XP level 5. HP: 46/46 MP: 5/5
  2264 | D:2      | Found a runed translucent door.
  2265 | D:2      | Noticed Crazy Yiuf
  2272 | D:2      | Killed Crazy Yiuf
  2656 | D:3      | Reached ** piety under Okawaru
  2875 | D:3      | Reached XP level 6. HP: 39/52 MP: 7/7
  3098 | D:4      | Found Zodocs's Jewellery Shoppe.
  3115 | D:4      | Noticed a necrophage
  3139 | D:4      | Killed a necrophage
  3339 | D:3      | Reached XP level 7. HP: 59/59 MP: 8/8
  3719 | D:4      | Found Ovizeava's Weapon Shop.
  3779 | D:4      | Found Ysyur's Antique Armour Shoppe.
  3834 | D:4      | Found Rinut's General Store.
  3842 | D:4      | Found Rotoy's Weapon Shop.
  3867 | D:4      | Reached *** piety under Okawaru
  4060 | D:4      | Bought a scroll of magic mapping for 45 gold pieces
  4270 | D:5      | Entered Level 5 of the Dungeon
  4882 | D:5      | Noticed Pikel
  5679 | D:5      | Reached XP level 8. HP: 50/67 MP: 10/10
  5772 | D:4      | Killed Pikel
  5773 | D:4      | Reached skill level 5 in Fighting
  5773 | D:4      | Reached skill level 5 in Invocations
  6080 | D:5      | Reached **** piety under Okawaru
  6081 | D:5      | Reached skill level 5 in Long Blades
  6545 | D:5      | Reached XP level 9. HP: 20/74 MP: 12/12
  7621 | D:6      | Noticed Edmund
  7655 | D:6      | Killed Edmund
  8329 | D:6      | Noticed Grinder
  8351 | D:6      | Paralysed by Grinder for 6 turns
  8364 | D:6      | Killed Grinder
  8497 | D:6      | Reached skill level 5 in Shields
  8530 | D:7      | Found a staircase to the Ecumenical Temple.
  8701 | D:7      | Reached skill level 5 in Armour
  8911 | D:7      | Noticed Menkaure
  8919 | D:7      | Killed Menkaure
  9050 | D:7      | Identified the +12 rapier of Qymyaw {flame, rN+++ MP+9
                  | Str-2 Dex-3}
  9238 | D:7      | Noticed Maggie
  9253 | D:7      | Killed Maggie
  9254 | D:7      | Reached XP level 10. HP: 24/83 MP: 14/14
  9729 | D:8      | Noticed Psyche
  9737 | D:7      | Reached ***** piety under Okawaru
  9920 | D:8      | Killed Psyche
  9920 | D:8      | Received a gift from Okawaru
 10201 | D:8      | Identified the +5 spear of Zin's Hope {spect, rC+ Str+3
                  | Int+2}
 10656 | D:8      | Found a runed translucent door.
 10657 | D:8      | Found a runed translucent gate.
 10657 | D:8      | Found a runed translucent gate.
 10664 | D:8      | Found the +9 staff of Olgreb {rPois∞}
 10669 | D:8      | Found a runed translucent door.
 10671 | D:8      | You fall into a shaft and drop 2 floors!
 10671 | D:10     | Entered Level 10 of the Dungeon
 11218 | D:9      | Noticed a two-headed ogre
 11220 | D:9      | Reached skill level 1 in Polearms
 11395 | D:8      | Found a runed translucent gate.
 11853 | D:8      | Identified the +1 pair of gloves "Irostro" {rF+ rN+ Dex+2
                  | Stlth+} (Okawaru gifted it to you on level 8 of the
                  | Dungeon)
 11853 | D:8      | Received a gift from Okawaru
 11869 | D:8      | Reached XP level 11. HP: 45/91 MP: 16/16
 12300 | D:9      | Noticed Gastronok
 12316 | D:9      | Killed Gastronok
 12317 | D:9      | Reached skill level 5 in Polearms
 12544 | D:9      | Found a staircase to the Lair.
 12569 | D:9      | Killed a two-headed ogre
 12570 | D:9      | Reached skill level 10 in Invocations
 12839 | D:10     | Noticed a two-headed ogre
 12846 | D:10     | Killed a two-headed ogre
 12880 | D:10     | Noticed Urug
 12881 | D:10     | Noticed a deep elf knight
 12883 | D:10     | Noticed a +5 demon blade
 12886 | D:10     | Noticed an orc knight
 12892 | D:10     | Killed Urug
 12896 | D:10     | Killed a deep elf knight
 12902 | D:10     | Killed an orc knight
 12912 | D:10     | Noticed Erica
 12923 | D:10     | Killed Erica
 12924 | D:10     | Reached XP level 12. HP: 39/97 MP: 19/19
 13157 | D:10     | Noticed Grum
 13513 | D:10     | Killed Grum
 13513 | D:10     | Received a gift from Okawaru
 13599 | D:10     | Noticed Harold
 13602 | D:10     | Identified a scroll of acquirement
 13603 | D:10     | Acquired 815 gold pieces
 13616 | D:10     | Paralysed by Harold for 6 turns
 13629 | D:10     | Killed Harold
 14088 | D:10     | Noticed Maurice
 14101 | D:10     | Killed Maurice
 14349 | D:11     | Found a staircase to the Orcish Mines.
 14451 | D:11     | Noticed a two-headed ogre
 14464 | D:11     | Killed a two-headed ogre
 14497 | D:11     | Noticed a two-headed ogre
 14506 | D:11     | Killed a two-headed ogre
 15855 | D:12     | Reached skill level 10 in Polearms
 15937 | D:12     | Found a runed translucent door.
 15937 | D:12     | Noticed Efal Ser's ghost (journeyman TeCj)
 16070 | D:12     | Identified the +1 pair of gloves "Vexki" {Rampage rN++}
                  | (Okawaru gifted it to you on level 12 of the Dungeon)
 16070 | D:12     | Received a gift from Okawaru
 16075 | D:12     | Reached skill level 1 in Evocations
 16171 | D:12     | Found a sacrificial altar of Ru.
 16682 | D:12     | Noticed a boulder beetle
 16707 | D:12     | Killed a boulder beetle
 17146 | D:13     | Reached XP level 13. HP: 71/104 MP: 21/21
 17172 | D:13     | Found a frozen archway.
 17173 | D:13     | Noticed an ice dragon
 17269 | D:13     | Killed an ice dragon
 17296 | IceCv    | Entered an ice cave
 17816 | IceCv    | Noticed a reaper
 17844 | IceCv    | HP: 3/104 [reaper (25)]
 18140 | IceCv    | Killed a reaper
 18140 | IceCv    | Received a gift from Okawaru
 18141 | IceCv    | Reached skill level 5 in Evocations
 18751 | IceCv    | Identified the +7 arbalest of Uvienan {penet, Fly Stlth+}
 19731 | D:13     | Identified the +0 robe of Panentheism {Contam rElec rC+++
                  | Stlth+} (Okawaru gifted it to you on level 13 of the
                  | Dungeon)
 19731 | D:13     | Received a gift from Okawaru
 19976 | D:13     | Found a gate to the Vaults.
 20452 | D:14     | Identified Roxanne's Catalogue of Transmigration
 20452 | D:14     | Noticed Roxanne
 20525 | D:14     | Killed Roxanne
 21306 | D:15     | Entered Level 15 of the Dungeon
 22315 | D:14     | Identified the +1 cloak of an ice cave {+Blink rN+}
                  | (Okawaru gifted it to you on level 14 of the Dungeon)
 22315 | D:14     | Received a gift from Okawaru
 22316 | D:14     | Reached XP level 14. HP: 111/111 MP: 23/23
 23632 | D:15     | Found a hazy altar of Hepliaklqana.
 24454 | D:14     | Mangled by a skeletal warrior

Illustrated notes

Levels and vault maps discovered:
D:1:      onia_arrival_pyramid, layout_basic, shapermc_ecumenical_altar_ellora,
          minmay_misc_feat_rows
D:2:      layout_loops_corners, hex_large, kennysheep_path_1,
          uniq_crazy_yiuf_cottage, uniq_jessica, uniq_natasha, uniq_terence
D:3:      layout_rooms, nicolae_tso_swordbearing_angel, roderic_serpentine_path
D:4:      layout_cave_pools, serial_shops, nicolae_shop_window_shopping, shop,
          nicolae_shop_behind_doors, nicolae_stop_n_shop_2, shop
D:5:      layout_rooms, uniq_pikel
D:6:      layout_basic, uniq_grinder, uniq_edmund
D:7:      layout_basic, minmay_temple_entry_arrows, uniq_maggie, uniq_menkaure
D:8:      layout_loops_ring, minmay_guarded_unrand_staff_of_olgreb, uniq_psyche
D:9:      layout_roguey, due_lair_maze_entry_diamond, uniq_gastronok
D:10:     layout_basic, sword_in_stone, uniq_grum, uniq_maurice, uniq_harold
D:11:     layout_layer_cave, david_orc_5, statue_in_the_mist_lemuel
D:12:     layout_roguey, hellmonk_ghost_big_iron,
          hangedman_abyss_or_decor_clamps, nicolae_ru_sacrificial_ziggurat
D:13:     layout_basic, david_vaults_4, portal_ice_cave_entry_animals_and_master
D:14:     layout_irregular_city, small_statue_intersection, uniq_roxanne
D:15:     grunt_enter_depths_hoard, layout_rooms,
          worldfamousw_hep_ancestral_shrine

Skill      XL: |  1  2  3  4  5  6  7  8  9 10 11 12 13 14 |
---------------+-------------------------------------------+-----
Long Blades    | 2 3 4 5 6 7 |  7.4
Invocations    | 1 2 3 4 5 7 9 11 12 13 | 13.7
Dodging        | 1 2 3 4 |  4.8
Armour         | 3 4 5 |  5.6
Shields        | 3 4 5 |  5.3
Fighting       | 4 5 6 |  6.8
Polearms       | 3 8 10 12 13 | 13.0
Evocations     | 3 7 8 |  8.3

Action                   |  1- 3 |  4- 6 |  7- 9 | 10-12 | 13-15 || total
-------------------------+-------+-------+-------+-------+-------++-------
Melee: Long sword        |    73 |       |       |       |       ||    73
       Short sword       |    18 |    85 |       |       |       ||   103
       Dagger            |       |    65 |   529 |       |       ||   594
       Rapier            |       |       |    17 |     2 |       ||    19
       Falchion          |       |       |     4 |    34 |       ||    38
       Spear             |       |       |       |   485 |   613 ||  1098
       Broad axe         |       |       |       |    51 |       ||    51
Throw: Throwing net      |       |       |       |       |     4 ||     4
Invok: Heroism           |       |       |     3 |     7 |     4 ||    14
       Finesse           |       |       |       |     1 |     3 ||     4
Evoke: Wand              |       |       |       |     1 |    17 ||    18
       Condenser vane    |       |       |       |       |     2 ||     2
  Use: Potion            |       |     1 |       |     5 |     3 ||     9
       Scroll            |       |       |     3 |     9 |     6 ||    18
 Stab: Distracted        |       |       |       |     6 |    12 ||    18
       Sleeping          |       |       |       |     4 |     1 ||     5
Armor: Scale mail        |    45 |    48 |   195 |    77 |       ||   365
       Steam dragon scal |       |       |       |    34 |    44 ||    78
Dodge: Dodged            |    65 |    51 |   241 |   296 |   178 ||   831
Block: Buckler           |    18 |    17 |    77 |   108 |    48 ||   268

Table legend: (Time is in decaauts)
 A = Elapsed time spent in this place.
 B = Non-inter-level travel time spent in this place.
 C = Inter-level travel time spent in this place.
 D = Time resting spent in this place.
 E = Time spent auto-exploring this place.
 F = Levels seen in this place.
 G = Mean time per level.
                   A        B        C        D        E       F      G
               +--------+--------+--------+--------+--------+-----+--------+
         Total |  24028 |  23482 |    546 |   4952 |  14665 |  16 | 1501.8 |
       Dungeon |  22445 |  21899 |    546 |   4723 |  13695 |  15 | 1496.3 |
      Ice Cave |   1583 |   1583 |      0 |    229 |    970 |   1 | 1583.0 |
               +--------+--------+--------+--------+--------+-----+--------+

Top non-repeatable levels by time:
    D:14: 2964 daAuts
     D:4: 1969 daAuts
     D:5: 1836 daAuts
     D:7: 1622 daAuts
    D:13: 1614 daAuts
   IceCv: 1583 daAuts
     D:8: 1556 daAuts
    D:11: 1418 daAuts
    D:12: 1351 daAuts
     D:9: 1308 daAuts
     D:6: 1287 daAuts
     D:2: 1256 daAuts
     D:1: 1208 daAuts
    D:10: 1171 daAuts
     D:3: 953 daAuts
